 Dungeon Crawl Stone Soup version 0.29-a0-333-gb4c28e87c6 (webtiles) character file.

Game seed: 6091489871675414515

5678 Dyamorph the Fighter (level 11, -13/91 HPs)
             Began as a Formicid Hunter on Apr 13, 2022.
             Was a Follower of Dithmenos.
             Mangled by Harold
             ... wielding a +0 trident
              (15 damage)
             ... on level 9 of the Dungeon.
             The game lasted 00:29:43 (13404 turns).

Dyamorph the Fighter (Formicid Hunter)             Turns: 13404, Time: 00:29:44

Health: -13/91     AC:  8    Str: 21    XL:     11   Next: 4%
Magic:  11/11      EV: 12    Int:  8    God:    Dithmenos [*.....]
Gold:   391        SH:  0    Dex: 14    Spells: 10/10 levels left

rFire   + . .      SeeInvis +   h - +5 trident (freeze)
rCold   . . .      Faith    .   (no shield)
rNeg    . . .      Spirit   .   e - +0 leather armour
rPois   .          Reflect  .   (helmet unavailable)
rElec   .          Harm     .   o - +0 cloak
rCorr   .          Rampage  .   r - +0 pair of gloves
Will    +....                   u - +1 pair of boots
Stlth   ++........              (no amulet)
HPRegen 0.25/turn               v - ring of protection from fire
MPRegen 0.12/turn               (no ring)

@: marked, wreathed by umbra
A: permanent stasis, dig shafts and tunnels, antennae 3, four strong arms
a: Dig, Shaft Self, Renounce Religion


You were on level 9 of the Dungeon.
You worshipped Dithmenos.
Dithmenos was aware of your devotion.
You visited 2 branches of the dungeon, and saw 10 of its levels.

You collected 391 gold pieces.

Inventory:

Hand Weapons
 a - a +3 hand crossbow
 h - a +5 trident of freezing (weapon)
 s - a +0 whip of electrocution
 B - a +2 dagger of electrocution
Missiles
 A - a curare-tipped dart
Armour
 e - a +0 leather armour (worn)
 o - a +0 cloak (worn)
 r - a +0 pair of gloves (worn)
 u - a +1 pair of boots (worn)
 w - a +0 plate armour
Jewellery
 p - the amulet of the Air {Inacc Air Fly rElec RMsl}
   (You found it on level 2 of the Dungeon)

   [amulet of nothing]

   It reduces the accuracy of all your attacks.
   It enhances your air magic.
   rElec:     It insulates you from electricity.
   Fly:       It grants you flight.
   RMsl:      It protects you from missiles.
 v - a ring of protection from fire (left hand)
Wands
 b - a wand of flame (6)
 i - a wand of iceblast (6)
 y - a wand of paralysis (13)
 D - a wand of acid (12)
Scrolls
 c - 2 scrolls of immolation
 d - 3 scrolls of identify
 g - a scroll of magic mapping
 k - a scroll of fear
 q - a scroll of amnesia
 z - 2 scrolls of fog
 C - a scroll of noise {unknown}
Potions
 f - 3 potions of flight
 j - 3 potions of haste
 m - 2 potions of mutation
 n - a potion of resistance
 x - a potion of lignification


   Skills:
 + Level 10.2 Fighting
 + Level 7.6 Maces & Flails
 - Level 10.0 Crossbows
 + Level 5.2 Armour
 - Level 1.7 Dodging
 - Level 1.2 Stealth


You had 10 spell levels left.
You didn't know any spells.
Your spell library contained the following spells:

 Spells                   Type           Power      Damage    Failure   Level
 Freeze                   Ice            0%         1d3       45%         1
 Frozen Ramparts          Ice            0%         1d2       83%         3
 Portal Projectile        Hex/Tloc       0%         N/A       83%         3
 Hailstorm                Conj/Ice       0%         3d3       99%         4
 Blade Hands              Tmut           0%         N/A       100%        5
 Excruciating Wounds      Necr           0%         N/A       100%        5


Dungeon Overview and Level Annotations

Branches:
Dungeon (9/15)             Temple (1/1) D:6            Lair (0/6) D:9
    Orc: D:9-12

Altars:
Ashenzari
Dithmenos
Elyvilon
Gozag
Hepliaklqana
Kikubaaqudgha
Makhleb
Okawaru
Trog
Uskayaw
Vehumet
Zin
The Shining One

Shops:
D:3 :   D:6 *

Annotations:
D:2 1 runed translucent door, Crazy Yiuf
D:9 Harold


Innate Abilities, Weirdness & Mutations

You cannot be hasted, slowed, berserked, paralysed or teleported.
You can dig through walls and to a lower floor.
You have a pair of large antennae on your head. (SInv)
Your four strong arms can wield two-handed weapons with a shield.


Message History

Harold hits you with a +0 trident!
You hit Harold. You freeze Harold.
Harold is moderately wounded.
Harold hits you but does no damage. Harold hits you with a +0 trident.
You hit Harold but do no damage.
Harold is moderately wounded.
Harold hits you with a +0 trident!
* * * LOW HITPOINT WARNING * * *
You barely miss Harold.
Harold is moderately wounded.
Harold barely misses you.
You puncture Harold! You freeze Harold.
Harold is heavily wounded.
Harold casts a spell at you. A sentinel's mark forms upon you.
Harold hits you with a +0 trident.
* * * LOW HITPOINT WARNING * * *
Unknown command.
You feel much better. Harold hits you with a +0 trident!
* * * LOW HITPOINT WARNING * * *
Okay, then.
You barely miss Harold.
Harold is heavily wounded.
Harold hits you but does no damage.
You puncture Harold! You freeze Harold.
Harold is severely wounded.
Harold hits you with a +0 trident!
* * * LOW HITPOINT WARNING * * *
You barely miss Harold.
Harold is severely wounded.
Harold barely misses you.
You hit Harold but do no damage.
Harold is severely wounded.
Harold hits you with a +0 trident!
* * * LOW HITPOINT WARNING * * *
Harold closely misses you.
You hit Harold. You freeze Harold.
Harold is almost dead.
Harold hits you with a +0 trident!
You die...

#. #. ########## #'#####
#........# ##
#.....###........# #. .#
#.....#.@@.......# #.
...#.....#.#........########.
.........#.#........##.)...).
.......).'.#........[..#####>
{.......))###....)...#### ##
#######'## #........# ##
#########.)# ####'##### #.
#.........## #..## #.
##'########### ##..# #'


You could see Harold.

Vanquished Creatures
  Pikel (D:4)
  A cyclops (D:9)
  Joseph (D:8)
  A wraith (D:6)
  A steam dragon (D:9)
  A wyvern (D:9)
  2 wargs (D:9)
  Menkaure (D:4)
  3 water moccasins
  A black bear (D:7)
  3 orc warriors
  3 ice beasts
  A centaur (D:7)
  2 kobold brigands
  A necrophage (D:5)
  4 bullfrogs
  2 scorpions (D:5)
  14 wights
  8 killer bees
  3 jellies
  A gnoll shaman (D:9)
  5 orc priests
  5 hounds
  2 iguanas
  13 orc wizards
  Robin (D:3)
  3 gnolls (D:9)
  5 adders
  A shadow imp (D:5)
  2 white imps
  An ufetubus (D:4)
  A worm (D:2)
  A dart slug (D:5)
  20 orcs
  6 endoplasms
  4 giant cockroaches
  19 goblins
  12 hobgoblins
  8 jackals
  9 kobolds
  6 quokkas
  8 ball pythons
  7 bats
  5 frilled lizards
  5 rats
204 creatures vanquished.

Notes
Turn   | Place    | Note
-------+----------+-------------------------------------------
     0 | D:1      | Dyamorph the Formicid Hunter began the quest for the Orb.
     0 | D:1      | Reached XP level 1. HP: 16/16 MP: 1/1
    73 | D:1      | Reached XP level 2. HP: 22/22 MP: 2/2
   251 | D:1      | Reached XP level 3. HP: 24/28 MP: 3/3
   704 | D:1      | Reached skill level 1 in Armour
   831 | D:2      | Found a faded altar of an unknown god.
   937 | D:2      | Reached XP level 4. HP: 24/34 MP: 4/4
  1385 | D:2      | Found the amulet of the Air {Inacc Air Fly rElec RMsl}
  1600 | D:2      | Found a runed translucent door.
  1601 | D:2      | Noticed Crazy Yiuf
  1901 | D:3      | Noticed Robin
  1915 | D:3      | Killed Robin
  1916 | D:3      | Reached skill level 5 in Crossbows
  1918 | D:3      | Reached XP level 5. HP: 25/38 MP: 5/5
  2315 | D:3      | Found Pienuru's Book Boutique.
  3213 | D:4      | Noticed Pikel
  3213 | D:4      | Noticed a lemure
  3213 | D:4      | Noticed a lemure
  3213 | D:4      | Noticed a lemure
  3222 | D:4      | Noticed a lemure
  3229 | D:4      | Killed Pikel
  3230 | D:4      | Reached skill level 5 in Fighting
  3230 | D:4      | Reached XP level 6. HP: 20/51 MP: 6/6
  3230 | D:4      | Reached XP level 7. HP: 22/56 MP: 7/7
  3442 | D:4      | Noticed Menkaure
  3453 | D:4      | Killed Menkaure
  3886 | D:4      | Reached XP level 8. HP: 51/63 MP: 8/8
  4002 | D:4      | Reached skill level 5 in Armour
  4663 | D:5      | Entered Level 5 of the Dungeon
  4760 | D:5      | Reached skill level 1 in Maces & Flails
  5657 | D:5      | Reached XP level 9. HP: 55/70 MP: 9/9
  6462 | D:6      | Found Qeapreon's Assorted Antiques.
  6747 | D:6      | Found a glowing golden altar of the Shining One.
  6760 | D:6      | Found a burning altar of Makhleb.
  6848 | D:6      | Found a staircase to the Ecumenical Temple.
  6857 | Temple   | Entered the Ecumenical Temple
  6906 | Temple   | Became a worshipper of Dithmenos the Shadowed
  8025 | D:7      | Reached skill level 5 in Maces & Flails
  8504 | D:7      | Found an opulent altar of Gozag.
  8556 | D:7      | Reached XP level 10. HP: 82/82 MP: 10/10
  8934 | D:8      | Reached * piety under Dithmenos
 10865 | D:8      | Noticed Joseph
 10886 | D:8      | Killed Joseph
 11665 | D:9      | Noticed a cyclops
 11685 | D:9      | Killed a cyclops
 12026 | D:9      | Found a staircase to the Lair.
 12083 | D:9      | Noticed Harold
 12428 | D:9      | Reached skill level 10 in Crossbows
 12498 | D:9      | Reached skill level 10 in Fighting
 13000 | D:9      | Reached XP level 11. HP: 84/91 MP: 11/11
 13323 | D:9      | Noticed a two-headed ogre
 13403 | D:9      | HP: 2/91 [Harold/+0 trident (9)]
 13404 | D:9      | Mangled by Harold

Illustrated notes

Levels and vault maps discovered:
D:1:      dpeg_arrival_boxes_within_box, layout_rooms, minmay_pentomino_w2
D:2:      layout_loops_cross, shapermc_ecumenical_altar_flowoftime,
          uniq_crazy_yiuf_cottage
D:3:      layout_loops_ring, serial_shops, shop, uniq_robin
D:4:      wander_river, layout_rooms, minmay_misc_feat_tiny, uniq_menkaure,
          uniq_pikel
D:5:      kb_forest_paths, layout_basic
D:6:      layout_rooms, nicolae_overflow_squiral,
          minmay_temple_entry_stoned_glass, serial_shops, shop
D:7:      layout_loops_ring, nicolae_overflow_hidden_temple, grunt_gozag_statues
D:8:      layout_cave_pools, hangedman_decor_growths, grunt_decor_fettered,
          uniq_joseph
D:9:      layout_roguey, erik_lair_orcish_takeover, serial_curves,
          eino_curves_01, eino_curves_04, eino_curves_03, eino_curves_03,
          lightli_minifort, uniq_harold
Temple:   minmay_crystal_spiral_temple

Skill      XL: |  1  2  3  4  5  6  7  8  9 10 |
---------------+-------------------------------+-----
Armour         | 1 2 4 5 |  5.2
Fighting       | 3 5 6 8 10 | 10.2
Crossbows      | 5 6 7 8 10 | 10.0
Maces & Flails | 2 5 7 |  7.6
Dodging        | |  1.7
Stealth        | |  1.2

Action                   |  1- 3 |  4- 6 |  7- 9 | 10-12 || total
-------------------------+-------+-------+-------+-------++-------
Melee: Whip              |       |    12 |    64 |   151 ||   227
       Trident           |       |       |       |    36 ||    36
       Punch             |       |       |       |     1 ||     1
 Fire: Hand crossbow     |    99 |   144 |   350 |   181 ||   774
Throw: Dart              |       |       |       |     2 ||     2
       Throwing net      |       |       |       |     2 ||     2
  Use: Scroll            |       |       |    18 |     1 ||    19
       Potion            |       |       |     3 |     8 ||    11
Armor: Leather armour    |    13 |    34 |    26 |    76 ||   149
       Plate armour      |       |    37 |   199 |       ||   236
       Skin              |       |       |     1 |       ||     1
Dodge: Dodged            |    30 |    67 |   164 |   196 ||   457

Table legend: (Time is in decaauts)
 A = Elapsed time spent in this place.
 B = Non-inter-level travel time spent in this place.
 C = Inter-level travel time spent in this place.
 D = Time resting spent in this place.
 E = Time spent auto-exploring this place.
 F = Levels seen in this place.
 G = Mean time per level.
                   A        B        C        D        E       F      G
               +--------+--------+--------+--------+--------+-----+--------+
         Total |  13662 |  13062 |    600 |   4131 |   6353 |  10 | 1366.2 |
       Dungeon |  13564 |  13011 |    553 |   4131 |   6353 |   9 | 1507.1 |
        Temple |     97 |     50 |     47 |      0 |      0 |   1 |   97.0 |
               +--------+--------+--------+--------+--------+-----+--------+

Top non-repeatable levels by time:
     D:7: 2231 daAuts
     D:5: 1827 daAuts
     D:4: 1736 daAuts
     D:9: 1732 daAuts
     D:8: 1553 daAuts
     D:6: 1411 daAuts
     D:2: 1373 daAuts
     D:3: 908 daAuts
     D:1: 789 daAuts
  Temple: 97 daAuts
